 Dungeon Crawl Stone Soup version 0.18-a0-1164-g7046a04 (console) character file.

1504 FoCheiMinh the Conjurer (level 9, -1/58 HPs)
             Began as a Formicid Fire Elementalist on Jan 26, 2016.
             Was a Follower of Cheibriados.
             Slain by inqbanana's ghost (12 damage)
             ... on level 6 of the Dungeon.
             The game lasted 00:33:07 (6506 turns).

FoCheiMinh the Conjurer (FoFE)                      Turns: 6506, Time: 00:33:07

Health: -1/58      AC:  5    Str: 17    XL:     9   Next: 8%
Magic:  3/18       EV: 13    Int: 23    God:    Cheibriados [*.....]
Gold:   358        SH:  0    Dex: 19    Spells: 4 memorised, 7 levels left

rFire  + . .     SeeInvis +     O - +0 flail (drain)
rCold  . . .     Gourm    .     L - +1 robe "Teoron" {rElec rF+ Int+3 Dex+5}
rNeg   . . .     Faith    .     (no shield)
rPois  .         Spirit   .     (helmet unavailable)
rElec  +         Dismiss  .     e - +1 cloak
rCorr  .         Reflect  .     (no gloves)
SustAt +         Harm     .     (no boots)
MR     .....                    t - amulet of inaccuracy (curse)
Stlth  ++........               (no ring)
                                p - ring of sustain attributes

@: lethally poisoned (-1 -> -1), very slow, not resistant to hostile
enchantments, unstealthy
A: permanent stasis, dig shafts and tunnels, four strong arms, antennae 3
a: Dig, Shaft Self, Bend Time, Renounce Religion


You were on level 6 of the Dungeon.
You worshipped Cheibriados.
Cheibriados was aware of your devotion.
You were hungry.

You visited 2 branches of the dungeon, and saw 7 of its levels.

You collected 358 gold pieces.

Inventory:

Hand Weapons
 g - a +0 mace
 h - a +0 dagger
 C - a +2 vampiric whip
 E - a +0 flail
 G - a +0 hand axe
 O - a +0 flail of draining (weapon)
 R - a +0 hunting sling of velocity
Missiles
 l - 148 stones (quivered)
 M - 2 throwing nets
 S - 5 tomahawks
Armour
 a - a +0 robe
 e - a +1 cloak (worn)
 f - a +0 chain mail
 D - a +0 plate armour
 F - a +0 leather armour
 H - a +0 scale mail
 L - the +1 robe "Teoron" (worn) {rElec rF+ Int+3 Dex+5}
   (You found it on level 5 of the Dungeon)

   It affects your intelligence (+3).
   It affects your dexterity (+5).
   It protects you from fire.
   It insulates you from electricity.
Jewellery
 n - an uncursed amulet of regeneration
 p - a ring of sustain attributes (left hand)
 t - a cursed amulet of inaccuracy (around neck)
 T - an uncursed ring of see invisible
Wands
 z - a wand of disintegration (9/24)
 B - a wand of confusion (29/48)
Scrolls
 s - 2 scrolls of enchant armour
 v - 4 scrolls of identify {unknown}
 x - 2 scrolls of amnesia {unknown}
 y - a scroll of fear {unknown}
 I - 4 scrolls of immolation {unknown}
 J - 2 scrolls of teleportation {unknown}
 N - a scroll of enchant weapon {unknown}
Potions
 d - 4 potions of curing
 m - a potion of beneficial mutation {unknown}
 o - 2 potions of heal wounds {unknown}
 r - 2 potions of might {unknown}
 u - 2 potions of brilliance {unknown}
 w - a potion of poison {unknown}
 K - a potion of resistance {unknown}
 P - a potion of berserk rage {unknown}
Books
 b - a book of Flames

   Spells                             Type                      Level
   a - Flame Tongue                   Conjuration/Fire             1
   b - Throw Flame                    Conjuration/Fire             2
   c - Conjure Flame                  Conjuration/Fire             3
   d - Inner Flame                    Hexes/Fire                   3
   e - Sticky Flame                   Conjuration/Fire             4
   f - Fireball                       Conjuration/Fire             5
Comestibles
 c - 3 bread rations
 i - 2 royal jellies
 j - 2 slices of pizza
 k - 4 meat rations
 q - a beef jerky
 A - 4 fruits
 Q - 2 chunks of flesh


   Skills:
 * Level 0.4 Fighting
 * Level 2.0 Dodging
 + Level 2.7 Stealth
 + Level 6.0 Spellcasting
 + Level 6.5 Conjurations
 + Level 5.9 Fire Magic
 * Level 1.0 Invocations


You had 7 spell levels left.
You knew the following spells:

 Your Spells              Type           Power        Failure   Level  Hunger
a - Flame Tongue          Conj/Fire      #####        1%          1    None
b - Fireball              Conj/Fire      #####.....   21%         5    #####..
f - Conjure Flame         Conj/Fire      #####...     1%          3    #......
s - Sticky Flame          Conj/Fire      #####...     10%         4    ###....


Dungeon Overview and Level Annotations

Branches:
Dungeon (6/15)             Temple (1/1) D:5

Altars:
Ashenzari
Cheibriados
Dithmenos
Elyvilon
Fedhas
Gozag
Kikubaaqudgha
Makhleb
Nemelex Xobeh
Okawaru
Pakellas
Qazlal
Ru
Sif Muna
Trog
Vehumet
Xom
Yredelemnul
Zin
The Shining One

Shops:
D:5 [

Annotations:
D:4 Dowan, Duvessa
D:6 Edmund; inqbanana's ghost, novice DsCK


Innate Abilities, Weirdness & Mutations

You are under a permanent stasis effect.
You can dig through walls and to a lower floor.
Your four strong arms can wield two-handed weapons with a shield.
You have a pair of large antennae on your head (SInv).


Message History

Aim: a quokka skeleton The flame tongue hits inqbanana's ghost.
Inqbanana's ghost is almost destroyed.
Inqbanana's ghost hits you.
* * * LOW HITPOINT WARNING * * *
Evoke which item? (* to show all) (? for menu, Esc to quit)
Zapping:
z - a wand of disintegration (will waste charges)
Press: ? - help, Shift-Dir - straight line, f - inqbanana's ghost, p - quokka skeleton
Aim: inqbanana's ghost, wielding a weapon of chaos (almost destroyed, chance to defeat MR: 42%)
Okay, then.
Unknown command.
Casting: Flame Tongue
Confirm with . or Enter, or press ? or * to list all spells.
Aiming: Flame Tongue
Press: ? - help, Shift-Dir - straight line, f - inqbanana's ghost, p - quokka skeleton
Aim: inqbanana's ghost, wielding a weapon of chaos (almost destroyed)
The flame tongue hits inqbanana's ghost.
Inqbanana's ghost is almost destroyed.
Inqbanana's ghost hits you!
You die...

... ....+(. #..
{....#.##### ..
#Z.......# {
#.#####........#
#..##..........#
#.##..........+
#..#.........Z#
##.#.).##.###W#
#.#...##.# #@#
#.....##.# #.#
##.#####.#
#.###### #..#
#.# #......#
##.#
#.###......# #.#
#...†......# #.#
#..#########
#.## #..# #..#
#..#


You could see inqbanana's ghost and a quokka skeleton.

Vanquished Creatures
  The ghost of Spotslime the Covert, an amateur VSMo of Vehumet (D:4)
  Sigmund (D:4)
  Menkaure (D:5)
  2 sky beasts (D:5)
  An ice beast (D:5)
  2 ogres (D:4)
  2 scorpions
  3 hounds
  An orc priest (D:5)
  2 orc wizards (D:5)
  A giant frog skeleton (D:4)
  2 iguanas
  4 worker ants
  A gnoll (D:5)
  4 adders
  2 shadow imps
  An ooze (D:5)
  A worm (D:1)
  An adder zombie (D:6)
  5 giant geckos
  19 orcs
  8 bats
  4 giant cockroaches
  7 goblins
  5 hobgoblins
  5 jackals
  3 quokkas
  2 giant gecko skeletons
  6 giant newts
  15 kobolds
  6 rats
118 creatures vanquished.

Notes
Turn   | Place    | Note
--------------------------------------------------------------
     0 | D:1      | FoCheiMinh the Formicid Fire Elementalist began the quest for the Orb.
     0 | D:1      | Reached XP level 1. HP: 13/13 MP: 3/3
   489 | D:1      | Reached XP level 2. HP: 19/19 MP: 5/5
   644 | D:1      | Reached skill level 1 in Conjurations
  1030 | D:1      | Reached XP level 3. HP: 24/24 MP: 2/6
  1276 | D:1      | Learned a level 3 spell: Conjure Flame
  1904 | D:2      | Reached XP level 4. HP: 30/30 MP: 4/7
  1924 | D:2      | Learned a level 4 spell: Sticky Flame
  3043 | D:3      | Reached XP level 5. HP: 31/35 MP: 4/9
  3237 | D:4      | Noticed Sigmund
  3237 | D:4      | Noticed an ogre
  3237 | D:4      | Noticed an ogre
  3276 | D:4      | Reached skill level 4 in Fire Magic
  3354 | D:4      | You fall through a shaft!
  3354 | D:5      | Entered Level 5 of the Dungeon
  3434 | D:5      | Got a shimmering robe
  3445 | D:5      | Identified the +1 robe "Teoron" {rElec rF+ Int+3 Dex+5} (You found it on level 5 of the Dungeon)
  3462 | D:5      | Noticed a sky beast
  3473 | D:5      | Killed a sky beast
  3473 | D:5      | Reached XP level 6. HP: 33/41 MP: 0/11
  3718 | D:5      | Noticed Menkaure
  3723 | D:5      | Killed Menkaure
  3723 | D:5      | Reached XP level 7. HP: 25/46 MP: 6/13
  3779 | D:5      | Found Uloqyunk's Antique Armour Shoppe.
  3852 | D:5      | Found a staircase to the Ecumenical Temple.
  3968 | Temple   | Entered the Ecumenical Temple
  4056 | Temple   | Became a worshipper of Cheibriados the Contemplative
  4365 | D:4      | Noticed Spotslime's ghost (amateur VSMo)
  4373 | D:4      | Killed Spotslime's ghost
  4373 | D:4      | Reached skill level 5 in Conjurations
  4373 | D:4      | Reached skill level 5 in Fire Magic
  4373 | D:4      | Reached XP level 8. HP: 52/52 MP: 4/15
  4490 | D:4      | Found a stormy altar of Qazlal.
  4574 | D:4      | Noticed Duvessa
  4574 | D:4      | Noticed Dowan
  4598 | D:4      | Noticed an angel
  4599 | D:4      | Found a glowing silver altar of Zin.
  4776 | D:4      | Learned a level 5 spell: Fireball
  5010 | D:4      | Killed Sigmund
  5010 | D:4      | Reached skill level 5 in Spellcasting
  5412 | D:5      | Reached skill level 6 in Conjurations
  5476 | D:5      | Reached * piety under Cheibriados
  6176 | D:5      | Reached XP level 9. HP: 54/58 MP: 12/17
  6379 | D:6      | Noticed Edmund
  6404 | D:6      | Reached skill level 1 in Invocations
  6492 | D:6      | Noticed inqbanana's ghost (novice DsCK)
  6506 | D:6      | Slain by inqbanana's ghost

Vault maps used:
D:1:      lemuel_arrival_room, minmay_crystal_water
D:3:      cheibrodos_gnoll_hut
D:4:      zin_angel, first_bread, serial_shops, shop, roderic_st_hans_cross,
          grunt_qazlal_clouds, uniq_duvessa, uniq_sigmund
D:5:      temple_pool_b, serial_shops, nicolae_shop_behind_doors, uniq_menkaure
D:6:      uniq_edmund, uniq_eustachio
Temple:   kilobyte_greek_temple_18

Action                   |  1- 3 |  4- 6 |  7- 9 || total
-------------------------+-------+-------+-------++-------
Melee: Mace              |    27 |       |       ||    27
       Dagger            |     2 |    13 |    17 ||    32
       Hand axe          |       |       |    25 ||    25
       Flail             |       |       |     5 ||     5
Throw: Stone             |       |     4 |     2 ||     6
 Cast: Flame Tongue      |    60 |    77 |   149 ||   286
       Sticky Flame      |       |     1 |     1 ||     2
       Conjure Flame     |       |       |     3 ||     3
       Fireball          |       |       |     1 ||     1
Invok: Bend Time         |       |       |     1 ||     1
 Abil: Dig               |       |       |     3 ||     3
  Use: Scroll            |     3 |     2 |     1 ||     6
       Potion            |       |       |     1 ||     1
 Stab: Sleeping          |     1 |       |       ||     1
  Eat: Chunk             |     4 |     6 |     8 ||    18
